Map: Ascension to Aiur LE

Players

Juxtapose - Winner!

  • Race: Protoss Protoss
  • League: Platinum
  • Spawn Location: 5:00

Damerfesk

  • Race: Protoss Protoss
  • League: Platinum
  • Spawn Location: 11:00

VOD

https://youtu.be/WqXTOC9RYEc

Description

In this match, after suspecting early aggression from my opponent and Warping in a few extra Gateways, I decided to try expanding faster than I previously have with Protoss this Season, and it worked well!

Time

  • Played on: Jan. 8, 2018, 7:04 p.m.
  • Length: 9:19
Show
View Real Time Build Order
Export as new Build Order

Juxtapose Protoss - Winner!

Build Orders:  

Get SALT Encoding   

  12  0:01  Probe  
  13  0:13  Probe  
  14  0:18  Pylon  
  14  0:25  Probe  
  15  0:37  Probe  
  15  0:39  Gateway  
  16  0:49  Probe  
  17  1:04  Assimilator  
  17  1:06  Assimilator  
  17  1:07  Probe  
  18  1:19  Probe  
  19  1:30  Cybernetics Core  
  19  1:31  Probe  
  20  1:43  Probe  
  21  1:50  Gateway  
  21  1:51  Zealot  
  23  1:59  Pylon  
  23  2:10  Warp Gate  
  23  2:17  Probe  
  23  2:20  Gateway  
  24  2:29  Pylon  
  24  2:47  Nexus  
  23  3:03  Stalker (Chrono Boost)  
  23  3:04  Stalker (Chrono Boost)  
  27  3:07  Probe  
  28  3:21  Shield Battery  
  28  3:25  Stalker (Chrono Boost)  
  32  3:39  Stalker (Chrono Boost)  
  32  3:44  Stalker (Chrono Boost)  
  34  3:53  Stalker  
  36  4:03  Probe  
  36  4:05  Probe  
  38  4:15  Probe  
  39  4:17  Probe  
  40  4:27  Pylon  
  40  4:28  Probe  
  40  4:30  Pylon, Probe  
  42  4:34  Pylon  
  42  4:40  Probe  
  42  4:42  Probe  
  42  4:45  Twilight Council  
  44  4:52  Probe  
  45  4:55  Shield Battery  
  45  4:58  Probe  
  46  5:04  Probe  
  45  5:10  Probe  
  46  5:18  Stalker  
  48  5:21  Pylon  
  48  5:22  Probe x2  
  48  5:27  Forge  
  50  5:29  Stalker  
  50  5:34  Probe  
  53  5:39  Probe  
  54  5:45  Stalker  
  54  5:46  Probe  
  57  5:51  Probe  
  58  5:59  Probe  
  58  6:00  Stalker  
  58  6:03  Blink, Probe  
  62  6:07  Photon Cannon  
  62  6:11  Probe  
  63  6:13  Photon Cannon  
  63  6:15  Assimilator, Probe  
  63  6:18  Assimilator  
  64  6:20  Stalker  
  64  6:23  Probe  
  67  6:30  Protoss Ground Weapons Level 1 (Chrono Boost)  
  67  6:35  Probe  
  68  6:41  Stargate  
  64  7:09  Probe  
  65  7:17  Stalker  
  65  7:18  Stalker x2  
  65  7:21  Probe  
  72  7:24  Void Ray (Chrono Boost)  
  76  7:33  Probe  
  76  7:34  Stargate  
  77  7:45  Stalker x2  
  77  7:46  Stalker  
  83  8:18  Void Ray (Chrono Boost)  
  85  8:24  Stalker x3  
  79  8:39  Void Ray (Chrono Boost)  
  83  9:09  Stalker  
Show
View Real Time Build Order
Export as new Build Order

Damerfesk Protoss 

Build Orders: Phoenix Opening 

Get SALT Encoding   

  12  0:01  Probe  
  13  0:13  Probe  
  14  0:17  Pylon  
  14  0:25  Probe  
  15  0:37  Probe (Chrono Boost)  
  15  0:41  Gateway  
  16  0:45  Assimilator  
  16  0:49  Probe (Chrono Boost)  
  17  0:56  Probe (Chrono Boost)  
  18  0:58  Assimilator  
  18  1:03  Probe  
  19  1:15  Gateway  
  19  1:20  Probe  
  20  1:34  Cybernetics Core  
  20  1:36  Probe  
  21  1:48  Probe  
  22  2:00  Probe  
  23  2:03  Pylon  
  23  2:04  Pylon  
  23  2:18  Warp Gate, Stalker x2 (Chrono Boost)  
  27  2:23  Probe  
  28  2:41  Stalker x2  
  32  2:48  Probe  
  33  3:00  Stargate, Probe  
  34  3:12  Probe  
  35  3:16  Pylon  
  35  3:24  Probe  
  36  3:35  Nexus  
  36  3:36  Probe  
  36  3:37  Pylon  
  37  3:44  Phoenix (Chrono Boost)  
  39  3:49  Probe  
  40  4:02  Probe  
  41  4:05  Phoenix  
  43  4:14  Probe  
  44  4:20  Pylon  
  44  4:26  Probe  
  45  4:37  Shield Battery  
  45  4:38  Probe  
  45  4:43  Phoenix  
  48  4:51  Probe x2  
  50  4:54  Stalker  
  50  4:55  Stalker  
  54  5:03  Probe  
  55  5:08  Phoenix  
  57  5:22  Assimilator  
  57  5:24  Stalker x2  
  57  5:25  Assimilator  
  61  5:30  Pylon  
  61  5:31  Pylon  
  61  5:36  Forge  
  61  5:37  Probe (Chrono Boost)  
  61  5:38  Probe (Chrono Boost)  
  61  5:39  Forge  
  63  5:54  Phoenix (Chrono Boost)  
  63  5:55  Probe x2 (Chrono Boost)  
  67  5:58  Sentry  
  67  5:59  Sentry  
  71  6:06  Probe x2  
  71  6:08  Robotics Facility  
  73  6:16  Phoenix (Chrono Boost)  
  73  6:18  Protoss Ground Weapons Level 1 (Chrono Boost), Probe x2  
  77  6:22  Pylon  
  78  6:32  Probe  
  78  6:33  Probe  
  79  6:45  Probe x2  
  79  7:10  Stalker x2  
  83  7:16  Protoss Ground Armor Level 1 (Chrono Boost)  
  83  7:22  Probe x2, Gateway  
  85  7:24  Gateway x2  
  85  7:26  Gateway  
  85  7:27  Gateway  
  85  7:38  Phoenix  
  87  7:44  Nexus  
  87  7:47  Pylon  
  87  7:48  Probe x2  
  87  7:50  Pylon, Stalker  
  87  7:51  Stalker  
  93  7:53  Assimilator, Observer  
  93  7:57  Assimilator  
  54  8:41  Phoenix (Chrono Boost)  
  54  8:43  Stalker x2  
  54  8:47  Stalker x5  
  61  9:07  Stalker x2  
Tags
 
Add a new tag
Caveats
  • Supply blocks, unpowered buildings, or Contaminate may cause inaccurate times.
  • Supply counts are checked every 10 seconds.